 Dungeon Crawl Stone Soup version 0.21-a0-104-g7b58145 (webtiles) character file.

31343 grindst0ne the Gelid (level 13, -1/113 HPs)
             Began as a Green Draconian Ice Elementalist on July 5, 2017.
             Was an Elder of Vehumet.
             Slain by an earth elemental (14 damage)
             ... in a volcano.
             The game lasted 02:48:12 (26128 turns).

grindst0ne the Gelid (DrIE)                        Turns: 26128, Time: 02:48:13

Health: -1/113     AC:  9    Str: 15    XL:     13   Next: 25%
Magic:  4/36       EV: 12    Int: 20    God:    Vehumet [****..]
Gold:   1202       SH:  0    Dex: 12    Spells: 16/32 levels left

rFire    + . .     SeeInvis +   O - +1 halberd "Atzeil" {flame, Str+4}
rCold    + . .     Gourm    .   (shield currently unavailable)
rNeg     . . .     Faith    .   (armour unavailable)
rPois    +         Spirit   .   J - +1 hat
rElec    .         Reflect  .   I - scarf {rC+ rF+}
rCorr    .         Harm     .   (no gloves)
MR       .....                  (no boots)
Stlth    ++........             (no amulet)
HPRegen  0.28/turn              e - ring of see invisible
MPRegen  0.25/turn              S - ring of magical power

@: drained
A: breathe noxious fumes, unfitting armour, poison resistance, cold-blooded, AC
+8
a: Breathe Noxious Fumes, Renounce Religion


You were in a volcano.
You worshipped Vehumet.
Vehumet was greatly pleased with you.
You were near starving.

You visited 3 branches of the dungeon, and saw 17 of its levels.
You also visited: Sewer and Volcano.

You collected 1202 gold pieces.

Inventory:

Hand Weapons
 i - a +1 dagger of venom
 O - the +1 halberd "Atzeil" (weapon) {flame, Str+4}
   (You found it on level 6 of the Lair of Beasts)

   It has been specially enchanted to burn those struck by it, causing extra
   injury to most foes and up to half again as much damage against particularly
   susceptible opponents.
   Big, fiery blades are also staple armaments of hydra-hunters.
   It affects your strength (+4).
Missiles
 s - 2 throwing nets (quivered)
Armour
 F - a +2 cloak of magic resistance
 I - a scarf of resistance (worn)
 J - a +1 hat (worn)
Jewellery
 e - a ring of see invisible (left hand)
 S - a ring of magical power (right hand)
 X - an uncursed ring of protection from magic
Wands
 h - a wand of iceblast (4/15)
 q - a wand of confusion (29/48)
 u - a wand of scattershot (3/9)
 x - a wand of acid (0/15)
 P - a wand of polymorph (12/24)
 W - a wand of lightning (10/15)
 Y - a wand of scattershot (2/9)
Scrolls
 d - 5 scrolls of enchant weapon
 g - 10 scrolls of teleportation
 j - 3 scrolls of amnesia
 m - a scroll of recharging
 p - 9 scrolls of remove curse
 t - a scroll of holy word {unknown}
 y - 3 scrolls of fear
 Q - 2 scrolls of enchant armour
 T - a scroll of brand weapon
Potions
 c - 2 potions of ambrosia
 k - 2 potions of resistance
 l - 5 potions of berserk rage
 o - a potion of lignification
 v - 3 potions of curing
 z - 3 potions of agility
 A - a potion of invisibility
 B - 4 potions of haste
 C - 2 potions of cancellation
 E - a potion of magic {unknown}
 K - 3 potions of flight {unknown}
 L - 3 potions of degeneration {unknown}
 N - a potion of might {unknown}
 R - a potion of mutation {unknown}
 U - a potion of heal wounds
 V - 2 potions of brilliance {unknown}
Books
 a - a book of Frost

   Spells                             Type                      Level
   a - Freeze                         Ice                          1
   b - Throw Frost                    Conjuration/Ice              2
   c - Ozocubu's Armour               Charms/Ice                   3
   d - Throw Icicle                   Conjuration/Ice              4
   e - Summon Ice Beast               Ice/Summoning                4
 r - a book of Battle

   Spells                             Type                      Level
   a - Infusion                       Charms                       1
   b - Shroud of Golubria             Charms/Translocation         2
   c - Song of Slaying                Charms                       2
   d - Spectral Weapon                Hexes/Charms                 3
   e - Regeneration                   Charms/Necromancy            3
 w - a book of Minor Magic

   Spells                             Type                      Level
   a - Magic Dart                     Conjuration                  1
   b - Blink                          Translocation                2
   c - Call Imp                       Summoning                    2
   d - Slow                           Hexes                        2
   e - Conjure Flame                  Conjuration/Fire             3
   f - Mephitic Cloud                 Conjuration/Poison/Air       3
 G - a Young Poisoner's Handbook

   Spells                             Type                      Level
   a - Sting                          Conjuration/Poison           1
   b - Poisonous Vapours              Poison/Air                   2
   c - Mephitic Cloud                 Conjuration/Poison/Air       3
   d - Olgreb's Toxic Radiance        Poison                       4
   e - Venom Bolt                     Conjuration/Poison           5
 M - a book of Misfortune

   Spells                             Type                      Level
   a - Confusing Touch                Hexes                        1
   b - Confuse                        Hexes                        3
   c - Gell's Gravitas                Translocation                3
   d - Petrify                        Transmutation/Earth          4
   e - Metabolic Englaciation         Hexes/Ice                    5
   f - Yara's Violent Unravelling     Hexes/Transmutation          5
Miscellaneous
 D - a lightning rod (4/4)
 Z - a phantom mirror
Comestibles
 b - a bread ration
 f - 6 meat rations
 n - 35 fruits
 H - 7 royal jellies


   Skills:
 - Level 10.0(9.9) Fighting
 - Level 1.7 Dodging
 - Level 1.7 Stealth
 - Level 10.1 Spellcasting
 - Level 7.0(6.9) Conjurations
 - Level 5.1 Summonings
 - Level 2.0 Translocations
 + Level 15.2(15.1) Ice Magic


You had 16 spell levels left.
You knew the following spells:

 Your Spells              Type           Power        Failure   Level  Hunger
a - Freeze                Ice            ####         0%          1    None
b - Ozocubu's Armour      Chrm/Ice       #####...     1%          3    None
c - Throw Frost           Conj/Ice       ######       1%          2    None
d - Summon Ice Beast      Ice/Summ       ######..     1%          4    ##.....
e - Throw Icicle          Conj/Ice       ######..     1%          4    ##.....
f - Blink                 Tloc           N/A          4%          2    None


Dungeon Overview and Level Annotations

Branches:
Dungeon (10/15)            Temple (1/1) D:7            Lair (6/6) D:8
  Swamp (0/4) Lair:3        Snake (0/4) Lair:4        Slime (0/5) Lair:5
    Orc: D:9-12

Altars:
Ashenzari
Cheibriados
Dithmenos
Elyvilon
Fedhas
Gozag
Hepliaklqana
Kikubaaqudgha
Makhleb
Nemelex Xobeh
Okawaru
Qazlal
Ru
Sif Muna
Trog
Uskayaw
Vehumet
Wu Jian
Xom
Yredelemnul
Zin
The Shining One
Jiyva

Shops:
D:8 [%

Annotations:
D:1 exclusion: downstairs
D:2 exclusions: Sigmund and downstairs
D:4 exclusion: 2 upstairs
Lair:2 exclusion: downstairs


Innate Abilities, Weirdness & Mutations

You can breathe blasts of noxious fumes.
Your lurid green scales are hard. (AC +8)
You cannot fit into any form of body armour.
Your system is resistant to poisons. (rPois)
You are cold-blooded and may be slowed by cold attacks.


Message History

You destroy the molten gargoyle!
Vehumet accepts your kill.
You feel your power returning. The earth elemental hits you!
Something hits your ice beast!!
Your ice beast hits the earth elemental but does no damage.
You see here 2 potions of resistance.
k - 2 potions of resistance You see here 16 gold pieces.
You now have 1180 gold pieces (gained 16).
The earth elemental barely misses you.
You see here a lajatang of flaming.
You see here 22 gold pieces.
You now have 1202 gold pieces (gained 22).
Your ice beast hits the earth elemental but does no damage.
The earth elemental hits you!
Your ice beast hits the earth elemental but does no damage.
The earth elemental hits you!!
* * * LOW HITPOINT WARNING * * *
The earth elemental hits you!
You die...

§.#################.§≈≈≈§§§ ≈§§§≈
§.# +.....'....#.§§≈≈≈§≈ §§§§ §.#
#.8_8.#..∩.#.≈§≈≈≈≈§ §§≈§ §.#
#...E.#....#.≈≈≈≈≈≈≈ §§≈§
≈.###++###)###''###.§≈≈≈≈≈≈ ≈§≈§
§.#......#.#......#.§§§≈≈≈≈§≈≈≈≈§
§.######.#§#.######.§≈§≈≈≈≈§§≈≈≈§
§.# #.#.#.E..#.≈≈§§≈≈≈§§§≈≈≈ ≈.#
#.#E#.E@.#.§≈≈≈≈≈≈§§§§§§ ≈.#
#.#.#Y[..#§§≈≈≈≈≈≈≈§§≈§§ ≈.#
#.#..)...#§§§≈≈≈≈≈≈≈§≈§§
≈.########'########§≈§≈≈≈≈≈≈≈§≈§≈
§.......§..........§..≈≈...≈§§≈§§
≈≈≈§≈.≈≈≈§§≈≈≈≈≈≈≈≈≈§≈..§≈≈§.§§§§
≈§≈§≈≈≈§≈≈§§§≈≈≈§≈.≈§≈≈§§§≈§§§...
≈≈§§≈≈§≈§§§§§≈≈≈≈≈§§≈≈≈≈§≈≈≈≈≈≈..
≈≈≈≈§≈≈≈§≈§§§§≈≈≈≈§§§≈§≈≈≈≈§§....


You could see 2 earth elementals and a friendly ice beast.

Vanquished Creatures
  The ghost of p0werm0de the Cardsharp, a journeyman DsEn of Nemelex Xobeh (Volcano)
  A hydra (Lair:3)
  A tengu warrior (D:10)
  A two-headed ogre (D:8)
  An unseen horror (D:10)
  Joseph (D:7)
  2 elephants (Lair:1)
  3 black mambas
  A molten gargoyle (Volcano)
  3 spiny frogs
  2 torpor snails (Lair:4)
  2 komodo dragons
  An efreet (Volcano)
  A polar bear (Lair:3)
  2 hornets (Lair:3)
  Grinder (D:4)
  2 hippogriffs
  8 blink frogs
  Sigmund (D:2)
  3 yaks
  3 wyverns
  A fire elemental (Volcano)
  A fire bat (Volcano)
  5 spriggans
  3 basilisks
  14 water moccasins
  4 porcupines
  2 sky beasts
  6 ice beasts
  An orc warrior (D:7)
  A phantom (D:6)
  2 black bears
  36 wolves
  An ogre (D:10)
  3 centaurs
  2 boggarts
  4 crocodiles
  A big kobold (D:8)
  8 bullfrogs
  An earth elemental (Volcano)
  A gnoll sergeant (D:8)
  3 scorpions
  15 killer bees
  2 wights (D:8)
  A howler monkey (D:5)
  2 electric eels (Lair:4)
  A centaur zombie (D:9)
  6 lava snakes (Volcano)
  3 hounds
  2 bullfrog zombies
  3 orc priests
  Crazy Yiuf (D:3)
  2 centaur skeletons
  8 orc wizards
  3 iguanas
  3 iron imps (D:4)
  Ijyb (D:3)
  Natasha (thrice) (D:2)
  2 worker ants
  Terence (D:3)
  3 gnolls (D:2)
  A howler monkey skeleton (D:6)
  12 adders
  2 shadow imps
  7 white imps (Lair:1)
  An ooze (D:4)
  An adder zombie (D:7)
  An adder skeleton (D:5)
  3 worms
  A dart slug (D:4)
  5 leopard geckos
  29 orcs
  2 giant cockroaches
  13 goblins
  14 hobgoblins
  5 jackals
  12 kobolds
  4 quokkas
  11 bats
  3 frilled lizards
  A jackal skeleton (D:4)
  4 rats
  A plant (Lair:1)
336 creatures vanquished.

Vanquished Creatures (collateral kills)
  Gastronok (Lair:1)
  2 hydras (Lair:3)
  Pikel (D:9)
  The ghost of Ijustatesigmund the Fighter, a novice OgHu (D:3)
  An oklob plant (Lair:4)
  3 elephants
  2 black mambas
  5 spiny frogs
  A rime drake (Lair:1)
  A komodo dragon (Lair:1)
  A polar bear (Lair:4)
  A hornet (Lair:3)
  A tyrant leech (Lair:3)
  7 blink frogs
  A dream sheep (Lair:6)
  A hippogriff (Lair:4)
  7 spriggans
  A wyvern (Lair:5)
  13 yaks
  Grum (D:9)
  A swamp worm (Lair:2)
  7 water moccasins
  5 porcupines
  An orc warrior (D:9)
  A black bear (Lair:3)
  A centaur (D:10)
  17 wolves
  3 crocodiles
  3 bullfrogs
  A killer bee (D:8)
  A wight (D:8)
  A howler monkey (D:8)
  A quasit (D:9)
  An orc priest (D:8)
  An orc wizard (D:8)
  A worker ant (D:8)
  2 worker ant zombies
  4 gnolls (D:8)
  An adder (Lair:4)
  A shadow imp (Lair:1)
  5 white imps (Lair:1)
  5 orcs
  A kobold (D:8)
  A quokka (D:7)
  3 fungi
  2 plants
123 creatures vanquished.

Vanquished Creatures (others)
  4 fungi
  8 plants
12 creatures vanquished.

Grand Total: 471 creatures vanquished

Notes
Turn   | Place    | Note
-------+----------+-------------------------------------------
     0 | D:1      | grindst0ne the Draconian Ice Elementalist began the quest for the Orb.
     0 | D:1      | Reached XP level 1. HP: 14/14 MP: 3/3
   140 | D:1      | Reached skill level 1 in Fighting
   155 | D:1      | Reached XP level 2. HP: 13/23 MP: 0/5
   899 | D:1      | Reached XP level 3. HP: 24/29 MP: 3/6
  1011 | D:1      | Learned a level 3 spell: Ozocubu's Armour
  1014 | D:1      | Learned a level 2 spell: Throw Frost
  1807 | D:2      | Reached skill level 4 in Ice Magic
  1807 | D:2      | Reached XP level 4. HP: 22/37 MP: 0/7
  2293 | D:2      | Noticed Sigmund
  2424 | D:2      | Noticed Natasha
  2438 | D:2      | Killed Natasha
  2610 | D:2      | Found a hide-covered altar of Uskayaw.
  2669 | D:3      | Noticed Ijustatesigmund's ghost (novice OgHu)
  2778 | D:3      | Noticed Grinder
  2810 | D:2      | Noticed Natasha
  2817 | D:2      | Killed Natasha
  2817 | D:2      | Reached XP level 5. HP: 46/46 MP: 1/8
  2844 | D:2      | Noticed Natasha
  2852 | D:2      | Killed Natasha
  3099 | D:3      | Noticed Terence
  3110 | D:3      | Killed Terence
  3110 | D:3      | Reached skill level 5 in Ice Magic
  3323 | D:3      | Noticed Ijyb
  3332 | D:3      | Killed Ijyb
  3332 | D:3      | Reached XP level 6. HP: 33/53 MP: 1/9
  3653 | D:4      | Reached skill level 5 in Fighting
  4105 | D:4      | Found a burning altar of Makhleb.
  4113 | D:4      | Found a glowing drain.
  4133 | Sewer    | Entered a sewer
  4200 | Sewer    | Your scales start taking on a lurid green colour.
  4200 | Sewer    | Reached XP level 7. HP: 60/61 MP: 4/10
  4200 | Sewer    | Gained mutation: Your system is resistant to poisons. (rPois) [Green Draconian growth]
  4218 | Sewer    | Learned a level 4 spell: Summon Ice Beast
  4447 | Sewer    | Reached skill level 6 in Ice Magic
  5221 | D:3      | Paralysed by Grinder for 2 turns
  5243 | D:4      | Killed Grinder
  5289 | D:3      | Found an ornate altar of the Wu Jian Council.
  5377 | D:3      | Reached skill level 7 in Ice Magic
  5464 | D:2      | Killed Sigmund
  5464 | D:2      | Reached XP level 8. HP: 73/73 MP: 0/11
  5807 | D:3      | Killed Ijustatesigmund's ghost
  6085 | D:3      | Found a runed door.
  6089 | D:3      | Noticed Crazy Yiuf
  6095 | D:3      | Killed Crazy Yiuf
  6095 | D:3      | Reached skill level 8 in Ice Magic
  6357 | D:5      | Entered Level 5 of the Dungeon
  6580 | D:5      | Found a shattered altar of Ashenzari.
  6854 | D:5      | Reached skill level 1 in Summonings
  7877 | D:6      | Found a sparkling altar of Nemelex Xobeh.
  8072 | D:6      | Reached XP level 9. HP: 74/82 MP: 0/12
  8669 | D:6      | Reached skill level 9 in Ice Magic
  8730 | D:7      | Noticed Joseph
  8968 | D:7      | Killed Joseph
  9027 | D:7      | Learned a level 4 spell: Throw Icicle
  9080 | D:7      | Found a staircase to the Ecumenical Temple.
  9129 | Temple   | Entered the Ecumenical Temple
  9283 | Temple   | Became a worshipper of Vehumet
 10287 | D:8      | Reached * piety under Vehumet
 10287 | D:8      | Offered knowledge of Shock by Vehumet.
 10351 | D:8      | Noticed a two-headed ogre
 10366 | D:8      | Killed a two-headed ogre
 10366 | D:8      | Reached XP level 10. HP: 79/91 MP: 9/16
 10826 | D:8      | Reached skill level 5 in Conjurations
 10970 | D:8      | Found a staircase to the Lair.
 11069 | D:8      | Found Rolunaj's Food Shoppe.
 11072 | D:8      | Found Telet's Antique Armour Shoppe.
 11235 | D:8      | Reached skill level 10 in Ice Magic
 11467 | D:9      | Noticed Grum
 11486 | D:9      | Killed Grum
 11593 | D:9      | Found a shadowy altar of Dithmenos.
 11617 | D:9      | Reached skill level 5 in Spellcasting
 11792 | D:9      | Noticed Pikel
 11798 | D:9      | Killed Pikel
 11911 | D:9      | Reached ** piety under Vehumet
 12009 | D:9      | Offered knowledge of Flame Tongue by Vehumet.
 12485 | D:10     | Entered Level 10 of the Dungeon
 12528 | D:10     | Noticed an unseen horror
 12559 | D:10     | Killed an unseen horror
 13646 | D:10     | Noticed a tengu warrior
 13694 | D:10     | Killed a tengu warrior
 14729 | D:9      | Reached skill level 11 in Ice Magic
 14731 | D:9      | Reached XP level 11. HP: 78/97 MP: 15/20
 14806 | Lair:1   | Entered Level 1 of the Lair of Beasts
 14835 | Lair:1   | Offered knowledge of Dazzling Spray by Vehumet.
 15236 | Lair:1   | Reached *** piety under Vehumet
 15682 | Lair:1   | Learned a level 2 spell: Blink
 15702 | Lair:1   | Noticed Gastronok
 15719 | Lair:1   | Killed Gastronok
 15949 | Lair:1   | Offered knowledge of Iskenderun's Mystic Blast by Vehumet.
 15970 | Lair:1   | HP: 4/97 [poisoned by a spiny frog]
 15975 | Lair:1   | HP: 3/97 [poisoned by a spiny frog]
 15982 | Lair:1   | HP: 3/97 [poisoned by a spiny frog]
 15990 | Lair:1   | HP: 3/97 [poisoned by a spiny frog]
 16442 | Lair:1   | Reached skill level 12 in Ice Magic
 18076 | Lair:3   | Noticed a five-headed hydra
 18083 | Lair:3   | Killed a five-headed hydra
 18233 | Lair:3   | Noticed a spriggan rider
 18561 | Lair:3   | Noticed an eight-headed hydra
 18568 | Lair:3   | Killed an eight-headed hydra
 19011 | Lair:3   | Noticed an eight-headed hydra
 19018 | Lair:3   | Killed an eight-headed hydra
 19120 | Lair:3   | Noticed a spriggan rider
 19137 | Lair:3   | Reached XP level 12. HP: 99/104 MP: 15/25
 19159 | Lair:3   | Reached **** piety under Vehumet
 19590 | Lair:2   | Reached skill level 13 in Ice Magic
 20028 | Lair:2   | Offered knowledge of Inner Flame by Vehumet.
 20264 | Lair:2   | Reached skill level 10 in Spellcasting
 21968 | Lair:3   | Found a staircase to the Swamp.
 22561 | Lair:4   | Found a staircase to the Snake Pit.
 22581 | Lair:4   | Reached skill level 5 in Summonings
 22587 | Lair:4   | Reached skill level 1 in Translocations
 22662 | Lair:4   | Reached ***** piety under Vehumet
 22686 | Lair:4   | Offered knowledge of Lightning Bolt by Vehumet.
 22895 | Lair:4   | Reached skill level 14 in Ice Magic
 24076 | Lair:5   | Reached skill level 10 in Fighting
 24238 | Lair:5   | Reached XP level 13. HP: 31/113 MP: 19/27
 24692 | Lair:5   | Found a viscous altar of Jiyva.
 24693 | Lair:5   | Found a staircase to the Slime Pits.
 25406 | Lair:6   | Entered Level 6 of the Lair of Beasts
 25444 | Lair:6   | Got a bloodstained halberd
 25445 | Lair:6   | Identified the +1 halberd "Atzeil" {flame, Str+4} (You found it on level 6 of the Lair of Beasts)
 25592 | Lair:6   | Found a dark tunnel.
 25602 | Volcano  | Entered a volcano
 25754 | Volcano  | Noticed p0werm0de's ghost (journeyman DsEn)
 25763 | Volcano  | Reached skill level 15 in Ice Magic
 25776 | Volcano  | Killed p0werm0de's ghost
 26075 | Volcano  | Found a bloodstained altar of Trog.
 26128 | Volcano  | Slain by an earth elemental

Vault maps used:
D:1:      lemuel_arrival_behind_the_door_large, minivault_23,
          minmay_misc_feat_alley
D:2:      old_standard_altar, minmay_misc_feat_ornament, grunt_ministairs_6,
          uniq_sigmund, uniq_natasha
D:3:      nicolae_overflow_hidden_temple, uniq_ijyb, uniq_grinder,
          uniq_crazy_yiuf_cottage, uniq_terence
D:4:      demons_altar, cheibrodos_sewer_entry_bend, first_bread
D:5:      ashenzari_altar_1
D:6:      nemelex_altar_shiori
D:7:      minmay_temple_entry_crystal_x, uniq_joseph
D:8:      lair_entry_dummy, serial_shops, shop, shop
D:9:      nicolae_overflow_crystal_walls, uniq_grum, uniq_pikel
D:10:     grunt_tengu_nest
Temple:   kb_temple_of_zot
Lair:1:   portal_ice_cave_entry_imps, wad_woods_river_01, uniq_gastronok
Lair:2:   serial_bayou_pond_c
Lair:3:   kb_forest_paths, minmay_swamp_entry_worms,
          grunt_forest_large_clearings
Lair:4:   minmay_snake_entry_six_corridors, serial_bayou_shore_a
Lair:5:   slime_altar_1
Lair:6:   grunt_lair_end_beastmaster, lightli_volcano_entry_magma_tube,
          uniq_kirke
Sewer:    sewer_the_crocodile
Volcano:  volcano_lake

Skill      XL: |  1  2  3  4  5  6  7  8  9 10 11 12 13 |
---------------+----------------------------------------+-----
Fighting       | 1 2 3 4 5 7 8 9 10 | 10.0
Ice Magic      | 4 5 7 8 9 11 12 14 15 | 15.2
Summonings     | 2 5 |  5.1
Spellcasting   | 4 6 9 10 | 10.1
Conjurations   | 4 7 |  7.0
Translocations | 2 |  2.0
Dodging        | |  1.7
Stealth        | |  1.7

Action                   |  1- 3 |  4- 6 |  7- 9 | 10-12 | 13-15 || total
-------------------------+-------+-------+-------+-------+-------++-------
Melee: Unarmed           |    33 |       |       |       |       ||    33
       Tailslap          |     1 |     2 |    38 |    64 |     4 ||   109
       Dagger            |     9 |    71 |   314 |   477 |    14 ||   885
       Halberd           |       |       |       |       |     5 ||     5
 Cast: Freeze            |    50 |    87 |    87 |   116 |    16 ||   356
       Ozocubu's Armour  |     3 |     5 |    24 |    57 |    13 ||   102
       Throw Frost       |       |    11 |    27 |     4 |       ||    42
       Summon Ice Beast  |       |       |    15 |   134 |    25 ||   174
       Throw Icicle      |       |       |     3 |   141 |    44 ||   188
       Blink             |       |       |       |     4 |     1 ||     5
 Abil: Breathe Noxious F |       |       |    21 |    50 |     5 ||    76
Evoke: Wand              |       |       |     2 |    19 |     5 ||    26
       Lightning rod     |       |       |       |     4 |       ||     4
  Use: Scroll            |     3 |     4 |     5 |    17 |     1 ||    30
       Potion            |       |       |       |     5 |     1 ||     6
 Stab: Confused          |       |       |     5 |    14 |     1 ||    20
       Distracted        |       |       |       |     2 |     1 ||     3
       Sleeping          |       |       |       |     1 |       ||     1
  Eat: Chunk             |     4 |     9 |    29 |    49 |     7 ||    98
       Fruit             |       |       |     1 |     8 |     3 ||    12
       Bread ration      |       |       |     1 |     5 |       ||     6
Armor: Skin              |    38 |    47 |   161 |   394 |    14 ||   654
Dodge: Dodged            |    96 |    92 |   194 |   517 |    21 ||   920
